 Dungeon Crawl Stone Soup version 0.29.0-13-gc9e81de378 (webtiles) character file.

Game seed: 11883106717907705959

221 SensoryNuts the Slasher (level 5, 0/41 HPs)
             Began as a Demonspawn Fighter on Sept 7, 2022.
             Killed from afar by an orc wizard (4 damage)
             ... with a magic dart
             ... on level 4 of the Dungeon.
             The game lasted 00:02:49 (3863 turns).

SensoryNuts the Slasher (Demonspawn Fighter)        Turns: 3863, Time: 00:02:49

Health: 0/41       AC: 11    Str: 17    XL:     5   Next: 65%
Magic:  5/5        EV:  9    Int:  9    God:
Gold:   109        SH:  5    Dex: 14    Spells: 4/4 levels left

rFire   . . .      SeeInvis .   a - +0 long sword
rCold   . . .      Faith    .   c - +0 buckler
rNeg    . . .      Spirit   .   b - +0 scale mail
rPois   .          Reflect  .   (no helmet)
rElec   .          Harm     .   k - +0 cloak
rCorr   .          Rampage  .   (no gloves)
Will    .....                   (no boots)
Stlth   ..........              (no amulet)
HPRegen 0.13/turn               (no ring)
MPRegen 0.09/turn               (no ring)

@: no status effects
A: molten scales 2, demonic magic 1
a: no special abilities


You were on level 4 of the Dungeon.
You visited 1 branch of the dungeon, and saw 4 of its levels.

You collected 109 gold pieces.

Inventory:

Hand Weapons
 a - a +0 long sword (weapon)
Armour
 b - a +0 scale mail (worn)
 c - a +0 buckler (worn)
 k - a +0 cloak (worn)
Jewellery
 m - a +4 ring of evasion
Scrolls
 d - 3 scrolls of identify
 n - a scroll of teleportation
Potions
 e - 2 potions of degeneration
 f - 2 potions of lignification
 g - a potion of magic
 h - a potion of flight
 j - 2 potions of curing
 l - 2 potions of brilliance {unknown}


   Skills:
 + Level 3.5 Fighting
 * Level 4.4 Long Blades
 + Level 3.2 Armour
 + Level 0.7 Dodging
 + Level 0.2 Stealth
 + Level 2.9 Shields


You had 4 spell levels left.
You didn't know any spells.
Your spell library contained the following spells:

 Spells                   Type           Power      Damage    Failure   Level
 Beastly Appendage        Tmut           0%         N/A       87%         1
 Wereblood                Tmut           0%         N/A       95%         2
 Spider Form              Tmut/Pois      0%         N/A       99%         3
 Olgreb's Toxic Radiance  Pois           0%         N/A       100%        4
 Ozocubu's Refrigeration  Ice            0%         4d7       100%        7
 Ignition                 Fire           0%         3d3       100%        8


Dungeon Overview and Level Annotations

Branches:
Dungeon (4/15)
 Temple: D:4-7

Altars:
Okawaru
Vehumet

Shops:
D:1 *


Innate Abilities, Weirdness & Mutations

You are mostly covered in molten scales. (AC +3)
Spells you cast may paralyse adjacent enemies.


Message History

You closely miss the hound. The hound barely misses you.
Something hits you but does no damage. The orc closely misses you.
The orc misses you. Something hits you. The hound barely misses you.
The hound attacks as you move away! The hound bites you but does no damage.
You hear some strange, mumbled words.
Something tries to affect you, but you resist.
The hound attacks as you move away! The hound bites you.
* * * LOW HITPOINT WARNING * * *
The hound barely misses you.
You miss the hound.
The hound stops to sniff the ground.
The hound bites you but does no damage. The orc hits you but does no damage.
Something hits you but does no damage. The orc attacks as you move away!
The orc hits you but does no damage. The hound bites you.
* * * LOW HITPOINT WARNING * * *
The orc throws a boomerang.
The boomerang barely misses you. The hound attacks as you move away!
The hound bites you but does no damage.
You feel less confused.
You slash the hound!
The hound is heavily wounded.
The hound bites you but does no damage. x2; The orc throws a boomerang.
The boomerang hits you.
* * * LOW HITPOINT WARNING * * *
You block something's attack.
You hit the hound but do no damage.
The hound is heavily wounded.
The hound barely misses you. Something hits you but does no damage.
The hound closely misses you.
You hit the hound.
The hound is severely wounded.
The hound bites you.
* * * LOW HITPOINT WARNING * * *
Something hits you but does no damage. The hound bites you but does no damage.
You slash the hound!
You kill the hound!
You hear some strange, mumbled words.
A magic dart appears from out of thin air!
The magic dart hits you.
You die...

......... ........
......# #....## #.#
#.....#####..####
##.......##.......
#####........'...⌠..>.
#....o{......##.......
###..@†.....).# ..####
#...........###.###.
#............##.#...
#.......##....##...##
#####..###........###
##.# ##.......#
#............#
#(###....#...#
###.......#


You could see an orc.

Vanquished Creatures
  A phantom (D:4)
  A hound (D:4)
  Robin (D:2)
  3 adders
  2 worms (D:2)
  A dart slug (D:1)
  7 orcs
  6 bats
  5 endoplasms
  2 giant cockroaches (D:1)
  19 goblins
  14 hobgoblins
  A jackal (D:1)
  4 quokkas
  6 ball pythons
  3 frilled lizards (D:1)
  3 kobolds
  7 rats
86 creatures vanquished.

Notes
Turn   | Place    | Note
-------+----------+-------------------------------------------
     0 | D:1      | SensoryNuts the Demonspawn Fighter began the quest for the
                  | Orb.
     0 | D:1      | Reached XP level 1. HP: 18/18 MP: 1/1
   218 | D:1      | Reached skill level 2 in Long Blades
   218 | D:1      | Gained mutation: Spells you cast may paralyse adjacent
                  | enemies. [demonic ancestry]
   218 | D:1      | Reached XP level 2. HP: 10/24 MP: 2/2
   836 | D:1      | Found Zith's Assorted Antiques.
  1280 | D:2      | Reached XP level 3. HP: 29/29 MP: 3/3
  1371 | D:2      | Found a radiant altar of Vehumet.
  1495 | D:2      | Noticed Robin
  1668 | D:2      | Killed Robin
  1669 | D:2      | Reached skill level 3 in Long Blades
  1669 | D:2      | Gained mutation: You are partially covered in molten
                  | scales. (AC +2) [demonic ancestry]
  1669 | D:2      | Reached XP level 4. HP: 14/35 MP: 4/4
  2303 | D:2      | Found a faded altar of an unknown god.
  2950 | D:3      | Found an iron altar of Okawaru.
  3195 | D:3      | Gained mutation: You are mostly covered in molten scales.
                  | (AC +3) [demonic ancestry]
  3195 | D:3      | Reached XP level 5. HP: 32/41 MP: 5/5
  3605 | D:4      | Noticed a phantom
  3639 | D:4      | Killed a phantom
  3640 | D:4      | Reached skill level 4 in Long Blades
  3863 | D:4      | Killed from afar by an orc wizard

Illustrated notes

Levels and vault maps discovered:
D:1:      dpeg_arrival_court, layout_loops_ring, serial_shops, shop,
          st_stairs_5, palyth_stone_intersect
D:2:      layout_basic, dreamdust_ecumenical_altar_angels_and_demons,
          basic_altar, grunt_ministairs_11, hangedman_glass_teeth, uniq_robin
D:3:      layout_loops_ring, okawaru_metal_pillars_1_2
D:4:      lemuel_castle_with_subvaults [lemuel_castle_interior_carwin_3],
          layout_layer_cave, mainiacjoe_overflow_six_doors_small,
          nicolae_ru_the_path_less_chosen, minmay_misc_feat_four_crosses,
          st_stairs_3, grunt_ministairs_15, uniq_ijyb, uniq_blork_the_orc

Skill      XL: |  1  2  3  4  5 |
---------------+----------------+-----
Long Blades    | 2 3 4 |  4.4
Armour         | 3 |  3.2
Fighting       | |  3.5
Dodging        | |  0.7
Stealth        | |  0.2
Shields        | |  2.9

Action                   |  1- 3 |  4- 6 || total
-------------------------+-------+-------++-------
Melee: Long sword        |   143 |   162 ||   305
  Use: Potion            |     1 |       ||     1
       Scroll            |       |     8 ||     8
Armor: Scale mail        |    77 |   113 ||   190
Dodge: Dodged            |    52 |    74 ||   126
Block: Buckler           |    35 |    36 ||    71
